 Dungeon Crawl Stone Soup version 0.20-a0-949-g916514f (webtiles) character file.

57 Isola the Slasher (level 4, 0/40 HPs)
             Began as a Tengu Gladiator on Apr 4, 2017.
             Succumbed to an adder's poison
             ... on level 2 of the Dungeon.
             The game lasted 00:01:48 (1333 turns).

Isola the Slasher (Tengu Gladiator)                 Turns: 1333, Time: 00:01:48

Health: 0/40       AC: 22    Str: 15    XL:     4   Next: 0%
Magic:  5/5        EV:  2    Int:  9    God:
Gold:   133        SH:  0    Dex: 15    Spells: 3/3 levels left

rFire    . . .     SeeInvis .   a - +0 long sword
rCold    . . .     Gourm    .   (no shield)
rNeg     + + +     Faith    .   (armour currently unavailable)
rPois    +         Spirit   .   (helmet currently unavailable)
rElec    .         Reflect  .   (cloak currently unavailable)
rCorr    .         Harm     .   (gloves currently unavailable)
MR       .....     NoTele   +   (boots unavailable)
Stlth    +.........             (no amulet)
Regen    0.2/turn               (no ring)
MPRegen  0.1/turn               (no ring)

@: lethally poisoned (0 -> -4), exhausted, tree-form
A: (beak), (talons 0)
a: no special abilities


You were on level 2 of the Dungeon.
You were not hungry.
You were a tree.
You visited 1 branch of the dungeon, and saw 2 of its levels.

You collected 133 gold pieces.

Inventory:

Hand Weapons
 a - a +0 long sword (weapon)
Missiles
 d - 3 throwing nets (quivered)
Armour
 b - a +0 leather armour (melded)
 c - a +0 hat (melded)
Scrolls
 e - 3 scrolls of identify {unknown}
 h - a scroll of enchant armour {unknown}
 i - a scroll of fog {unknown}
 j - a scroll of enchant weapon {unknown}
 m - a scroll of remove curse {unknown}
 n - a scroll of random uselessness {unknown}
Potions
 l - a potion of agility
Comestibles
 f - 3 bread rations
 g - 3 chunks of flesh
 o - a royal jelly


   Skills:
 + Level 2.4 Fighting
 * Level 4.5 Long Blades
 - Level 2.0 Throwing
 + Level 3.7 Dodging


You had 3 spell levels left.
You didn't know any spells.

Dungeon Overview and Level Annotations

Branches:
Dungeon (2/15)

Altars:


Innate Abilities, Weirdness & Mutations

((You have a beak for a mouth.))
((You have claws for feet.))


Message History

You are too berserk!
You feel a strong urge to attack something.
* * * LOW HITPOINT WARNING * * *
You feel sick.
You feel your anger subside.
You are no longer berserk.
You are exhausted.
You feel yourself slow down.
* * * LOW HITPOINT WARNING * * *
You feel sick.
It was a potion of cancellation.
Your magical effects are unravelling.
You feel magically purged.
You feel yourself speed up.
* * * LOW HITPOINT WARNING * * *
You feel sick.
It was a potion of lignification.
You turn into a tree.
Your +0 hat melds into your body.
Your +0 leather armour melds into your body.
Your roots penetrate the ground.
You die...

#.........#.....#.# #.#
#.##......#.....#.# #.#
####.##......#.....#.# #.#
#.(....####..#.#####.#####.####
#.##>.......................(..
#.#.####..#.#####.#####.....
#.#.####..#.#####.....)...##
....>..........##########..#
##.........#♣##.# #..#
#.#.#######†# ########..#
............................
##.#.######.###.##.#######.(# #
#.# #. # #..# #. #####... #.
.......#. #. ......... #.
########.


There were no monsters in sight!

Vanquished Creatures
  2 adders (D:2)
  A worm (D:2)
  3 dart slugs (D:1)
  2 leopard geckos (D:1)
  4 goblins (D:1)
  5 hobgoblins
  4 bats (D:1)
  2 frilled lizards
  4 kobolds (D:1)
  2 rats (D:1)
29 creatures vanquished.

Notes
Turn   | Place    | Note
-------+----------+-------------------------------------------
     0 | D:1      | Isola the Tengu Gladiator began the quest for the Orb.
     0 | D:1      | Reached XP level 1. HP: 12/12 MP: 2/2
   209 | D:1      | Reached XP level 2. HP: 16/17 MP: 3/3
   482 | D:1      | Reached skill level 4 in Long Blades
   499 | D:1      | Reached XP level 3. HP: 7/21 MP: 4/4
  1009 | D:1      | You fall through a shaft!
  1277 | D:2      | Found a faded altar of an unknown god.
  1326 | D:2      | Reached XP level 4. HP: 5/27 MP: 5/5
  1331 | D:2      | HP: 1/27 [poisoned by an adder]
  1333 | D:2      | Succumbed to an adder's poison

Vault maps used:
D:1:      dpeg_arrival_rooms_with_view
D:2:      chequers_ecumenical_altar_simple

Skill      XL: |  1  2 |
---------------+-------+-----
Long Blades    | 4 |  4.5
Fighting       | |  2.4
Throwing       | |  2.0
Dodging        | |  3.7

Action                   |  1- 3 |  4- 6 || total
-------------------------+-------+-------++-------
Melee: Long sword        |    64 |       ||    64
       Kick              |    22 |       ||    22
       Peck              |     9 |       ||     9
  Use: Potion            |     1 |     2 ||     3
  Eat: Chunk             |     1 |       ||     1
Armor: Leather armour    |    14 |       ||    14
Dodge: Dodged            |    44 |       ||    44
       Rpst.: Long sword |    10 |       ||    10
